 Dungeon Crawl Stone Soup version 0.27-a0-1557-g57f10a385c (webtiles) character file.

Game seed: 14774327823774285222

30 ktje the Charlatan (level 3, -1/28 HPs)
             Began as a Minotaur Artificer on July 15, 2021.
             Slain by a goblin (2 damage)
             ... led by Robin
             ... on level 1 of the Dungeon.
             The game lasted 00:06:11 (865 turns).

ktje the Charlatan (Minotaur Artificer)              Turns: 865, Time: 00:06:11

Health: -1/28      AC:  6    Str: 17    XL:     3   Next: 3%
Magic:  2/2        EV:  9    Int:  8    God:
Gold:   45         SH:  0    Dex: 10    Spells: 2/2 levels left

rFire    . . .     SeeInvis .   f - +0 quarterstaff
rCold    . . .     Faith    .   (shield currently unavailable)
rNeg     . . .     Spirit   .   j - +0 scale mail
rPois    .         Reflect  .   (helmet restricted)
rElec    .         Harm     .   (no cloak)
rCorr    .         Rampage  .   (no gloves)
Will     .....                  (no boots)
Stlth    ..........             i - amulet of the acrobat
HPRegen  0.09/turn              (no ring)
MPRegen  0.08/turn              (no ring)

@: no status effects
A: horns 2, retaliatory headbutt
a: no special abilities


You were on level 1 of the Dungeon.
You visited 1 branch of the dungeon, and saw 2 of its levels.

You collected 45 gold pieces.

Inventory:

Hand Weapons
 a - a +0 club
 c - a +0 dagger of venom
 f - a +0 quarterstaff (weapon)
 h - a +0 hunting sling
Missiles
 g - 8 stones (quivered)
Armour
 b - a +0 leather armour
 j - a +0 scale mail (worn)
Jewellery
 i - an amulet of the acrobat (around neck)
Wands
 d - a wand of charming (15)
Miscellaneous
 e - a piece from Xom's chessboard (15/15)


   Skills:
 + Level 1.2 Fighting
 + Level 0.2 Staves
 + Level 3.2 Armour
 + Level 1.1 Dodging
 + Level 0.7 Stealth
 + Level 3.4 Evocations


You had 2 spell levels left.
You didn't know any spells.
Your spell library was empty.

Dungeon Overview and Level Annotations

Branches:
Dungeon (2/15)

Altars:

Annotations:
D:2 Robin


Innate Abilities, Weirdness & Mutations

You have a pair of horns on your head.
You reflexively headbutt those who attack you in melee.


Message History

You feel sick.
You start resting.
You feel sick. x4
You are no longer poisoned.
You start resting.
HP restored.
There is a stone staircase leading down here.
You climb downwards.
Level annotation: Robin
Found 7 gold pieces.
There is a stone staircase leading up here.
Robin roars a battlecry!
The hobgoblins go into a battle-frenzy!
You hear a shout!
You climb upwards.
There is a stone staircase leading down here.
There is a stone staircase leading down here.
You climb downwards.
Level annotation: Robin The goblin shouts! x3; The hobgoblin shouts!
The goblin shouts!
Robin throws the goblin at you! The goblin closely misses you.
The hobgoblin hits you. The goblin hits you but does no damage.
Robin roars a battlecry!
The goblins go into a battle-frenzy!
A hobgoblin comes into view.
Found a stone staircase leading down.
There is a stone staircase leading up, spattered with blood here.
The goblin hits you with a +0 dagger. The goblin barely misses you.
You climb upwards.
There is a stone staircase leading down here.
You barely miss the goblin. The hobgoblin hits you.
The goblin hits you with a +0 dagger. The goblin hits you with a +0 club.
The hobgoblin hits you.
* * * LOW HITPOINT WARNING * * *
The goblin hits you with a +0 dagger.
* * * LOW HITPOINT WARNING * * *
You closely miss the goblin. The goblin closely misses you.
The hobgoblin hits you.
* * * LOW HITPOINT WARNING * * *
The goblin closely misses you. The goblin hits you with a +0 club.
You die...

###### .....# #### .....# #..#
######## .....###########..#
#....... .....#........##.g##
#....... .....#........##@g.#
#....... ..............##g#.#
#....... ##.###........##.#.#
###.#.## #............##.#.#
#.#.#
####.........##.#.#########.#÷##
######........##.#...............
#....#........##.#......###.♣#.##
####.#........##.#......# ##♣.#♣
####.##.......##.##....##♣♣#.♣.##


You could see a hobgoblin (strong) and 2 goblins.

Vanquished Creatures
  A dart slug (D:1)
  3 ball pythons (D:1)
  2 bats (D:1)
  2 endoplasms (D:1)
  3 goblins
  2 hobgoblins (D:1)
  4 kobolds
  2 quokkas (D:1)
  4 frilled lizards
  4 rats
27 creatures vanquished.

Notes
Turn   | Place    | Note
-------+----------+-------------------------------------------
     0 | D:1      | ktje the Minotaur Artificer began the quest for the Orb.
     0 | D:1      | Reached XP level 1. HP: 16/16 MP: 0/0
    80 | D:1      | Reached XP level 2. HP: 23/23 MP: 1/1
   515 | D:2      | Reached XP level 3. HP: 26/28 MP: 2/2
   518 | D:2      | Noticed Robin
   865 | D:1      | HP: 1/28 [hobgoblin[Robin] (2)]
   865 | D:1      | Slain by a goblin

Illustrated notes

Levels and vault maps discovered:
D:1:      saegor_arrival_under_anarchy, layout_rooms
D:2:      wad_crossroads, layout_rooms, ebering_ecumenical_altar_box,
          minmay_puff, uniq_robin, uniq_terence

Skill      XL: |  1  2 |
---------------+-------+-----
Evocations     | 3 |  3.4
Armour         | 3 |  3.2
Fighting       | |  1.2
Staves         | |  0.2
Dodging        | |  1.1
Stealth        | |  0.7

Action                   || total
-------------------------++-------
Melee: Quarterstaff      ||    22
       Headbutt          ||     4
Throw: Stone             ||    40
Evoke: Wand              ||    15
  Use: Scroll            ||     1
Armor: Scale mail        ||     6
       Leather armour    ||     1
Dodge: Dodged            ||    13

Table legend: (Time is in decaauts)
 A = Elapsed time spent in this place.
 B = Non-inter-level travel time spent in this place.
 C = Inter-level travel time spent in this place.
 D = Time resting spent in this place.
 E = Time spent auto-exploring this place.
 F = Levels seen in this place.
 G = Mean time per level.
                   A        B        C        D        E       F      G
               +--------+--------+--------+--------+--------+-----+--------+
         Total |    877 |    809 |     68 |    262 |    382 |   2 |  438.5 |
       Dungeon |    877 |    809 |     68 |    262 |    382 |   2 |  438.5 |
               +--------+--------+--------+--------+--------+-----+--------+

Top non-repeatable levels by time:
     D:1: 848 daAuts
     D:2: 29 daAuts
